[Event "European Women Blitz-ch 2024"]
[Site "Monaco"]
[Date "2025.01.10"]
[Round "1.1"]
[White "Galvan Cipriani, Viviana"]
[Black "Kosteniuk, Alexandra"]
[Result "0-1"]
[Annotator "RC"]
[ECO "A25"]
[WhiteElo "2098"]
[BlackElo "2484"]
[PlyCount "74"]
[EventDate "2025.01.06"]
[EventType "swiss"]
[EventCountry "MNC"]
[SourceTitle "playchess.com"]
[Source "ChessBase"]
[SourceQuality "1"]
[TimeControl "180+2"]

1. c4 e5 2. Nc3 Nc6 3. g3 f5 4. Bg2 Nf6 5. a3 a5 6. d3 g6 7. e3 Bg7 8. Nge2 d6 9. O-O O-O 10. Rb1 Ne7 11. Qc2 c6 12. d4 e4 13. b3 g5 14. a4 Be6 15. Ba3 Re8 16. Rfd1 d5 17. Bxe7 Qxe7 18. c5 b6 19. cxb6 Reb8 20. Rdc1 Rxb6 21. Nd1 Bf7 22. Qc5 Qb7 23. Rc2 Bf8 24. Qc3 Bb4 25. Qb2 Bd6 26. Qa2 Rb8 27. Nc1 f4 28. gxf4 gxf4 29. exf4 Bxf4 30. Ne3 Kh8 31. Rbb2 Rg8 32. Kh1 Bh5 33. Ne2 Bxe3 34. fxe3 Ng4 35. Rc3 Nf2+ 36. Kg1 Nd1 37. Ng3 Nxc3 0-1

[Event "European Women Blitz-ch 2024"]
[Site "Monaco"]
[Date "2025.01.10"]
[Round "1.2"]
[White "Stefanova, Antoaneta"]
[Black "Froewis, Annika"]
[Result "1-0"]
[Annotator "TA"]
[ECO "D02"]
[WhiteElo "2418"]
[BlackElo "2069"]
[PlyCount "56"]
[EventDate "2025.01.06"]
[EventType "swiss"]
[EventCountry "MNC"]
[SourceTitle "playchess.com"]
[Source "ChessBase"]
[SourceQuality "1"]
[TimeControl "180+2"]

1. d4 d5 2. Nf3 Nf6 3. e3 e6 4. Nbd2 Bd6 5. b3 O-O 6. Bb2 c5 7. Bd3 Nc6 8. a3 Re8 9. Ne5 Bxe5 10. dxe5 Nd7 11. f4 b6 (11... c4 $1 $11 {keeps the balance.} 12. Be2 (12. bxc4 Qb6 $15) 12... Qb6) 12. Qh5 $16 g6 13. Qh6 Qe7 14. O-O Bb7 15. Nf3 Qf8 16. Qh4 $36 {[%emt 0:00:01][%mdl 2048] Keeping Black busy. White has more active pieces.} Qg7 17. Rae1 Rac8 18. e4 d4 (18... c4 $14 19. bxc4 dxe4 20. Rxe4 (20. Bxe4 Nc5 $16) 20... Nc5) 19. Nd2 a6 ({Black should try} 19... g5 20. fxg5 (20. Qxg5 Qxg5 21. fxg5 Rf8 $11) 20... Ncxe5) 20. Nc4 Red8 21. Nd6 Rb8 22. Nxb7 Rxb7 23. Bxa6 Rc7 (23... Rbb8 $16) 24. Bb5 $18 {[%emt 0:00:02] and Bxc6 would now be decisive} Na7 $2 (24... Rf8 25. Bc1 g5 26. fxg5 (26. Qxg5 Qxg5 27. fxg5 Na7 $16) 26... Na7) 25. Be2 $2 (25. Qxd8+ Nf8 26. Qxc7 Nxb5 27. Qxb6) 25... Rdc8 26. Rd1 Qf8 (26... Nc6 {was called for.} 27. Bb5 g5 28. fxg5 (28. Qxg5 Qxg5 29. fxg5 Ndxe5 $16) 28... Ndxe5) 27. a4 Nc6 28. Bb5 Ndb8 1-0

[Event "European Women Blitz-ch 2024"]
[Site "Monaco"]
[Date "2025.01.10"]
[Round "1.3"]
[White "De Lomas Busquets, Alba"]
[Black "Matnadze Bujiashvili, Ann"]
[Result "0-1"]
[Annotator "TA"]
[ECO "A46"]
[WhiteElo "2010"]
[BlackElo "2315"]
[PlyCount "102"]
[EventDate "2025.01.06"]
[EventType "swiss"]
[EventCountry "MNC"]
[SourceTitle "playchess.com"]
[Source "ChessBase"]
[SourceQuality "1"]
[TimeControl "180+2"]

1. d4 Nf6 2. Nf3 e6 3. Bg5 b6 4. Nbd2 Bb7 5. e4 Be7 6. Bd3 d6 7. Qe2 h6 8. Bh4 Nh5 9. Bxe7 Qxe7 10. g3 {[%emt 0:00:18] Prevents Nf4} Nf6 11. O-O-O e5 12. d5 O-O 13. Nh4 g6 {[%emt 0:00:02] Inhibits Nf5.} 14. Nhf3 (14. f4 $14) 14... c6 $11 15. dxc6 Nxc6 16. a3 Rac8 17. Kb1 d5 18. exd5 Nxd5 19. Ba6 (19. Rhe1 $14) 19... Bxa6 20. Qxa6 e4 21. Rhe1 f5 (21... Nf6 $11) 22. Nh4 $1 $14 Qf7 23. Nb3 (23. f3 $1 $14) 23... Rcd8 24. Ng2 Ne5 25. Nd4 Rd7 26. Nf4 ({White should try} 26. Qe2 $11) 26... Nxf4 27. gxf4 Ng4 28. Qe2 Rfd8 {[%emt 0:00:02] Black is more active.} (28... Nxh2 $17 29. Rh1 Ng4) 29. c3 (29. Nc6 $11 Rxd1+ 30. Rxd1 Rxd1+ 31. Qxd1) 29... Rd6 (29... Nxh2 $17 30. Nc6 Rxd1+ 31. Rxd1 Rxd1+ 32. Qxd1 Ng4) 30. h3 Nf6 31. Nc2 (31. Nc6 $11 {remains equal.} Rxd1+ (31... Rxc6 $2 32. Rxd8+ Kg7 33. Red1 $18) 32. Rxd1 Rxd1+ 33. Qxd1) 31... Qd7 (31... Nd5 $17 32. f3 Nxf4 33. Rxd6 Rxd6) 32. Rxd6 Qxd6 33. Rg1 (33. Qc4+ $142 Qd5 34. Qa4) 33... Kh7 $1 $36 {[%emt 0:00:02][%mdl 2048] White is under strong pressure.} ({Weaker is} 33... Qxf4 34. Qc4+ (34. Rxg6+ Kf7 $16) 34... Kg7 35. Nd4 Rxd4 (35... Qxf2 $2 {perishes.} 36. Ne6+ Kh7 37. Rf1 $18) 36. cxd4 $16 (36. Qxd4 g5 $18)) 34. Qe3 Nd5 {[%emt 0:00:02][%csl LRe3,LRf4] White is weak on the light squares} 35. Qg3 Nxf4 36. Nd4 Nd3 37. Qh4 $2 (37. Nxf5 {is a better defense.} Qxg3 38. Nxg3 Nxf2 39. Re1) 37... Rf8 $19 38. Rd1 Qf6 39. Qg3 Rf7 40. f3 Nc5 41. fxe4 Nxe4 42. Qg1 (42. Qf3 $142) 42... f4 43. Rf1 $2 (43. Qe1 Nc5 44. Qe8) 43... Nd2+ 44. Ka2 Nxf1 45. Qxf1 {[%emt 0:00:01][%mdl 4096] Endgame KQR-KQN} f3 46. Qf2 Qe5 47. h4 Qe4 48. h5 Qd5+ 49. Kb1 Qxh5 50. Nc2 Qg4 {[%emt 0:00:02] Threatens to win with ...Qg2.} 51. Qe3 f2 0-1

[Event "European Women Blitz-ch 2024"]
[Site "Monaco"]
[Date "2025.01.10"]
[Round "1.4"]
[White "Arabidze, Meri"]
[Black "Guillo Longares, Cecilia"]
[Result "1-0"]
[Annotator "TA"]
[ECO "D74"]
[WhiteElo "2457"]
[BlackElo "2026"]
[PlyCount "79"]
[EventDate "2025.01.06"]
[EventType "swiss"]
[EventCountry "MNC"]
[SourceTitle "playchess.com"]
[Source "ChessBase"]
[SourceQuality "1"]
[TimeControl "180+2"]

1. d4 Nf6 2. c4 g6 3. g3 Bg7 4. Bg2 O-O 5. Nc3 c5 6. Nf3 d5 7. dxc5 dxc4 8. Qa4 {[%emt 0:00:02] Against Qa5} Nc6 9. Qxc4 Qa5 10. O-O Be6 11. Qh4 (11. Qb5 {simplifies} Qxb5 12. Nxb5 Rad8 13. Nc3) 11... Qxc5 12. Ng5 {[%emt 0:00:00] and Nce4 should not be overlooked} Bf5 13. e4 Bd7 14. Be3 Qa5 15. Nd5 $40 {[%emt 0:00:21][%mdl 128] White wants to mate with Nxf6+. White is up to no good.} h6 16. Nf3 g5 17. Nxf6+ exf6 18. Qh5 f5 19. Rad1 fxe4 (19... Rfd8 $11 {keeps the balance.}) 20. Nxg5 (20. Rxd7 $16 exf3 21. Qxf3 (21. Bxf3 Ne5 $14)) 20... hxg5 $2 (20... Be8 $11 21. Bd2 (21. Bxe4 $2 f5 $19) 21... f5 22. Qxe8 Raxe8 23. Bxa5 Nxa5) 21. Rxd7 $18 Qf5 22. Rxb7 (22. Qxg5 $2 Qxd7 23. Bxe4 Nd4 $19) 22... Ne5 23. Qxg5 (23. Bxg5 $6 Rfb8 24. g4 Qxg4 25. Rxb8+ (25. Qxg4 Nxg4 26. Bxe4 Rxb7 $16) 25... Rxb8 26. Qxg4 Nxg4 $18) 23... Qe6 $2 (23... Qxg5 {is a better defense.} 24. Bxg5 Nf3+ 25. Bxf3 exf3) 24. Bxe4 Ng6 {[%emt 0:00:01] Wards off Re7} 25. Bd5 ({And not} 25. Rxa7 Qxe4 26. Rxa8 Qxa8 $17 (26... Rxa8 $2 27. Rd1 $19)) 25... Qd6 {[%emt 0:00:02] [#]} 26. Bc5 $1 Qf6 (26... Qe5 27. Qxe5) 27. Qxf6 Bxf6 28. Bxf8 Rxf8 29. Rxa7 Bxb2 30. a4 Bd4 31. Rb7 Ne5 32. a5 Rd8 33. Be4 Ng4 34. h3 Nxf2 35. Rxf2 Bxf2+ 36. Kxf2 {[%emt 0:00:01] KRB-KR} Rd2+ 37. Ke3 Ra2 38. Ra7 Ra3+ 39. Kf4 Kf8 40. h4 1-0

[Event "European Women Blitz-ch 2024"]
[Site "Monaco"]
[Date "2025.01.10"]
[Round "1.5"]
[White "Paasikangas, Johanna"]
[Black "Wagner, Dinara"]
[Result "0-1"]
[Annotator "TA"]
[ECO "E36"]
[WhiteElo "2041"]
[BlackElo "2437"]
[PlyCount "66"]
[EventDate "2025.01.06"]
[EventType "swiss"]
[EventCountry "MNC"]
[SourceTitle "playchess.com"]
[Source "ChessBase"]
[SourceQuality "1"]
[TimeControl "180+2"]

1. d4 Nf6 2. c4 e6 3. Nc3 Bb4 4. Qc2 d5 5. a3 Bxc3+ 6. Qxc3 O-O 7. Nf3 dxc4 8. Qxc4 b6 9. Qc2 Bb7 10. e3 Nbd7 11. Be2 c5 12. O-O Rc8 13. Qd1 Qe7 14. dxc5 Nxc5 15. b4 Rfd8 16. Qc2 (16. Nd4 $15) 16... Nce4 17. Qb2 (17. Qb3 $142) 17... Nc3 $19 18. Nd4 {[%emt 0:00:11] [#]} e5 $1 19. Nf3 Qe6 {[%emt 0:00:10] White is weak on the light squares} 20. h3 Bd5 (20... Nfe4 $142 {White must now prevent ...Nxe2+.} 21. Re1 Qg6) 21. Re1 Qf5 22. a4 (22. e4 $17 {was worth a try.} Nxe2+ (22... Qxe4 23. Bf1 $11) (22... Ncxe4 23. Qxe5 Qxe5 24. Nxe5 $14) (22... Bxe4 $2 23. Nh4 $19) (22... Nfxe4 23. Ba6 $17) 23. Qxe2 Nxe4 (23... Qxe4 24. Qxe4 Nxe4 25. Nxe5 $17) (23... Bxe4 24. Nh4 $17) 24. Bb2) 22... h6 23. Ra3 $2 (23. Nh4 Nxe2+ 24. Qxe2) 23... Nfe4 $2 (23... Nxe2+ $19 24. Qxe2 Bxf3 (24... Rc2 $2 25. Qd1 $19) 25. Qxf3 Qb1) 24. Bf1 $2 (24. Bd3 $1 $11 {and White has nothing to worry.} Qh5 25. Bxe4 Nxe4 26. Nxe5) 24... Bb7 25. b5 $2 (25. Ra1) 25... Nd1 {[%emt 0:00:03] Excellent horsemanship.} 26. Qb1 $2 (26. Qxe5 Qxe5 27. Nxe5 Rxc1 28. Bc4) 26... Ndxf2 27. Bb2 {[%emt 0:00:11] [#]} Nxh3+ $1 28. gxh3 (28. Kh1 Qh5) 28... Qxf3 29. Bg2 Qg3 (29... Qf2+ $142 30. Kh2 Rd2 31. Re2 Rxe2 (31... Qxe2 32. Qg1 Rcc2 33. Bxe5 Qxg2+ 34. Qxg2 Rxg2+ 35. Kh1 Nf2#) 32. Qg1 Qg3+ (32... Rxb2 33. Qxf2 Nxf2 34. Kg3 Ne4+ 35. Kh4 Rxg2 36. Ra2 g5+ 37. Kh5 Ng3+ 38. Kxh6 Nf5+ 39. Kh5 Bf3#) 33. Kh1 Nf2+ (33... Rxb2 34. Ra1 Rxg2 35. Qxg2 Nf2+ 36. Kg1 Qxg2#) 34. Qxf2 Re1+ 35. Qxe1 Qxg2#) 30. Re2 Ng5 $2 (30... Nd2 31. e4 Qxa3 32. Bxa3 Nxb1) 31. Qf1 $2 (31. e4 $19 Qf4 (31... Nxh3+ 32. Kf1 $15) 32. Qe1) 31... Nxh3+ (31... Nf3+ $142 32. Qxf3 Bxf3 33. Ra1 Bxe2 34. Bxe5 Qxe5 (34... Qxe3+ 35. Kh2 Qxe5+ 36. Kh1 Qxa1+ 37. Kh2 Qe5+ 38. Kg1 Rc1+ 39. Kf2 Qf4+ 40. Kxe2 Rd2#) 35. e4 Qxa1+ 36. Kf2 Rd3 37. h4 Qd4+ (37... Rc2 {leads to mate.} 38. Bf3 Rxf3+ 39. Kg2 Qf1+ 40. Kh2 Bxb5#) 38. Ke1 Rc1+ 39. Kxe2 Qe3#) 32. Kh1 Bxg2+ 33. Qxg2 Rd1+ 0-1

[Event "European Women Blitz-ch 2024"]
[Site "Monaco"]
[Date "2025.01.10"]
[Round "1.6"]
[White "Khademalsharieh, Sarasadat"]
[Black "Prochaieva, Alina"]
[Result "1-0"]
[Annotator "TA"]
[ECO "A06"]
[WhiteElo "2458"]
[BlackElo "1936"]
[PlyCount "65"]
[EventDate "2025.01.06"]
[EventType "swiss"]
[EventCountry "MNC"]
[SourceTitle "playchess.com"]
[Source "ChessBase"]
[SourceQuality "1"]
[TimeControl "180+2"]

1. Nf3 c5 2. b3 d5 3. e3 a6 4. Bb2 Nc6 5. Be2 d4 6. exd4 cxd4 7. O-O e5 8. Re1 Bd6 9. Bc4 Nge7 (9... Bc7 $11 {keeps the balance.}) 10. Ng5 $1 $16 O-O 11. Qh5 $1 Bf5 12. Nxf7 {[%emt 0:00:18] White is much more active.} Rxf7 13. Bxf7+ Kh8 14. Bc4 ({White should try} 14. a4 $16) 14... Bg6 (14... Bxc2 $11 15. Qf3 e4 16. Rxe4 Bxe4 17. Qxe4 Qf8) 15. Qe2 Nf5 (15... Bxc2 $2 16. d3 $18) (15... e4 $16 {keeps fighting.}) 16. Bd3 Qg5 17. Bxf5 Bxf5 18. d3 $1 Bg4 19. Qd2 $2 (19. f3 $18 Bf5 20. Ba3) 19... Qg6 {[%emt 0:00:03] [#]} (19... Qh5 $14 {should be considered.}) 20. f3 $1 Bxf3 $14 21. Qf2 (21. Ba3 {looks sharper.} e4 22. Qf2 Nb4 23. Nd2) 21... Bd5 (21... e4 $1 $14 22. Nd2 (22. Bxd4 $2 {is the wrong capture.} Nxd4 23. Kh1 e3 $19) 22... e3 23. Qxf3 exd2) 22. Nd2 $16 Rf8 23. Qg3 Qh6 24. Ne4 Be7 25. Rf1 Kg8 (25... Rg8 $142 26. a3 Bxe4) 26. Rxf8+ $18 Bxf8 27. Rf1 Be7 {[%emt 0:00:03] Prevents Nf6+} 28. Bc1 Qe6 29. Bg5 {[%emt 0:00:01] Strongly threatening Bxe7.} Bd6 $2 {[%emt 0:00:02] [#]} (29... Bxe4 30. Bxe7 (30. dxe4 Bc5 $18) 30... Nxe7) 30. Nf6+ $1 Kh8 (30... gxf6 31. Rxf6) 31. Nxd5 Qxd5 32. Qh3 {[%emt 0:00:08] Inhibits Qe6.} Qe6 33. Qxe6 1-0

[Event "European Women Blitz-ch 2024"]
[Site "Monaco"]
[Date "2025.01.10"]
[Round "1.7"]
[White "Bernard, Ines"]
[Black "Paehtz, Elisabeth"]
[Result "0-1"]
[Annotator "TA"]
[ECO "E91"]
[WhiteElo "2029"]
[BlackElo "2428"]
[PlyCount "105"]
[EventDate "2025.01.06"]
[EventType "swiss"]
[EventCountry "MNC"]
[SourceTitle "playchess.com"]
[Source "ChessBase"]
[SourceQuality "1"]
[TimeControl "180+2"]

1. d4 Nf6 2. Nf3 g6 3. c4 Bg7 4. Nc3 d6 5. e4 Bg4 6. Be2 Nc6 7. d5 Bxf3 8. Bxf3 Ne5 9. Be2 O-O 10. O-O c6 11. Be3 Rc8 12. f4 (12. Bxa7 b6 $11) 12... Ned7 13. Rc1 (13. Bxa7 b6 $11) 13... Qa5 {[%emt 0:00:06] [#]} 14. Bf3 (14. a3 $1 $16) 14... Nb6 $11 15. Qe2 cxd5 $1 16. cxd5 Nfd7 17. Qf2 (17. Bg4 $11) 17... Nc4 $17 18. Bd4 (18. Bxa7 $2 Nxb2 (18... b6 $2 19. e5 $19) 19. Qxb2 Bxc3 (19... Qxa7+ $2 20. Kh1 $19) 20. Rxc3 (20. Qxb7 $2 Rc7 $19) 20... Qxc3 $19) (18. Bg4 $15 Nxe3 19. Qxe3) 18... Bxd4 19. Qxd4 Qc5 (19... Nxb2 $17 {and ...Rc4 should not be overlooked} 20. Ne2 Qa3 (20... Qxa2 21. Bg4 $16)) 20. Qxc5 (20. Ne2 $1 $11) 20... Nxc5 $15 21. Rf2 $2 (21. Be2 $1 $15 Nd2 (21... Nxb2 22. Rb1 $15) 22. Rfe1) 21... Nd3 $1 $19 22. Rcc2 Nxf2 (22... Nxf4 23. Bg4 f5 24. Bxf5 gxf5 25. Rxf4 $11) 23. Kxf2 {[%emt 0:00:03] [#]} Nxb2 $1 24. Rxb2 Rxc3 25. Rxb7 {[%emt 0:00:02][%mdl 4096] Endgame KRR-KRB} Rc2+ 26. Kg3 Rxa2 27. Rxe7 Rd8 {[%emt 0:00:10] Against Rd7} 28. e5 (28. Rc7) 28... Kf8 29. Rb7 a5 $2 (29... Re8 $19 30. exd6 Rd8) 30. e6 $11 fxe6 31. dxe6 {[%emt 0:00:04] and e7+ would now be decisive} Re8 32. Rxh7 $2 (32. Rf7+ $11 Kg8 33. Ra7) 32... Rxe6 $19 33. Ra7 Re7 ({Black should play} 33... Ra4 34. Bc6 Rd4 35. Rxa5 Rf6) 34. Ra8+ ({Better is} 34. Ra6) 34... Kg7 $17 35. Ra6 Rd7 36. Bg4 (36. Kg4 {keeps fighting.}) 36... Rd8 $19 37. Kh4 Kf6 38. Bf3 a4 39. Bd5 (39. Kg3 $142) 39... Ra1 $2 (39... Rd2 $19 40. Bc6 Rc8 41. Bxa4 Rxg2 42. Rxd6+ Kf7 43. Rd7+ Ke6) 40. Ra7 $17 Rf8 {[%emt 0:00:08] Prevents Rf7+} 41. Rd7 $2 (41. Kg4 $17 {is a better chance.}) 41... Kf5 42. Rxd6 (42. Re7 $142 Rh8+ (42... Kxf4 43. g3+ Kf5 44. g4+ Kf6 45. Re6+ Kg7 46. Re7+ Kh8 47. Kg5 $11) 43. Kg3 Ra3+ 44. Bf3) 42... Kxf4 $19 43. g3+ Ke5 44. Rd7 Rd1 45. Re7+ Kf5 $2 (45... Kxd5 46. Rd7+ Kc4 47. Rxd1 $17) (45... Kd6 $19 {has better winning chances.} 46. Re4 Rh8+ (46... Rxd5 $2 47. Rxa4 Ke6 48. Kg4 $19) 47. Kg4 Kxd5 (47... Rxd5 $2 48. Rxa4 Ke6 49. h3 $19) 48. Rxa4 Rd4+ (48... Rxh2 $2 49. Kg5 $19) 49. Rxd4+ Kxd4) 46. g4+ $17 Kf6 47. Re6+ Kg7 48. Bc4 $2 (48. Re7+ $17 Kf6 49. Re6+ Kg7 50. Re7+) 48... Rf7 $2 (48... Rf4 49. Bb5 Rg1) 49. Ra6 $2 (49. Kg5 Kh7 50. Ra6) 49... Rc7 50. Bb5 Rd2 ({Weaker is} 50... g5+ 51. Kh5 $15) 51. Rxa4 $2 (51. h3) 51... Rxh2+ (51... Rc5 $142 {( -> ...g5+)} 52. Bc4 g5+ (52... Rxh2+ $2 53. Kg3 $19) 53. Kg3 Rc2 54. Ra7+ Kf6) 52. Kg3 $19 Rd2 53. Ra7 $2 (53. Ra3 $19) 0-1

[Event "European Women Blitz-ch 2024"]
[Site "Monaco"]
[Date "2025.01.10"]
[Round "1.8"]
[White "Khotenashvili, Bella"]
[Black "Uta, Adeline-Ramona"]
[Result "1-0"]
[Annotator "TA"]
[ECO "A37"]
[WhiteElo "2420"]
[BlackElo "2028"]
[PlyCount "69"]
[EventDate "2025.01.06"]
[EventType "swiss"]
[EventCountry "MNC"]
[SourceTitle "playchess.com"]
[Source "ChessBase"]
[SourceQuality "1"]
[TimeControl "180+2"]

1. Nf3 c5 2. g3 Nc6 3. Bg2 g6 4. c4 Bg7 5. Nc3 d6 6. Rb1 e5 7. a3 a5 8. d3 Nge7 9. h4 Nd4 (9... h6 $11 {keeps the balance.}) 10. h5 $16 Nef5 ({Black should play} 10... O-O $14) 11. h6 (11. Kf1 $142) 11... Bf6 12. Nxd4 Nxd4 13. Nd5 O-O 14. e3 Nc6 15. Nxf6+ (15. Qb3 $14) 15... Qxf6 $11 16. Bd2 Qe7 17. Bc3 Be6 18. Qd2 a4 19. b4 axb3 20. Rxb3 Ra7 21. O-O Rfa8 22. Rfb1 {[%emt 0:00:02] White is more active.} Bc8 23. Bxc6 (23. d4 $16) 23... bxc6 24. Rb8 Qc7 25. Rxa8 Rxa8 26. Qb2 Be6 (26... Qd8 $11) 27. f4 (27. a4 $5) 27... f6 28. Kg2 ({White should try} 28. a4 $1 $14) 28... Ra7 29. Kf3 Qe7 $2 {[%emt 0:00:02][%mdl 8192] Black is weak on the dark squares} (29... Kf7 $11) 30. Qb8+ $18 Kf7 31. Qh8 f5 32. Qxh7+ Kf6 33. Qh8+ Kf7 34. Rb8 Qf6 35. Qf8# 1-0

[Event "European Women Blitz-ch 2024"]
[Site "Monaco"]
[Date "2025.01.10"]
[Round "1.9"]
[White "Walter, Ema"]
[Black "Narva, Mai"]
[Result "0-1"]
[Annotator "TA"]
[ECO "C45"]
[WhiteElo "2049"]
[BlackElo "2398"]
[PlyCount "56"]
[EventDate "2025.01.06"]
[EventType "swiss"]
[EventCountry "MNC"]
[SourceTitle "playchess.com"]
[Source "ChessBase"]
[SourceQuality "1"]
[TimeControl "180+2"]

1. e4 e5 2. Nf3 Nc6 3. d4 exd4 4. Nxd4 Qf6 5. Nf3 Bb4+ 6. c3 Bc5 7. Bg5 Qg6 8. h4 (8. Nbd2 $11 {keeps the balance.}) 8... Qxe4+ 9. Be2 {[%emt 0:00:07] [#]} h6 $1 10. Bd2 Nf6 11. b4 Bb6 {[%emt 0:00:12] Black is much more active.} 12. a4 a5 13. b5 Ne7 (13... Ne5 $19 {And now ...Nd3+ would win.} 14. O-O d6) 14. c4 d6 $40 {[%emt 0:00:15][%mdl 128] Black goes for the king.} 15. Nc3 (15. Bc3 $17) 15... Qg6 $19 16. g3 (16. O-O {keeps fighting.}) 16... Ng4 17. Rf1 O-O 18. Bf4 Nf5 19. Nd5 Bc5 20. Bd3 Re8+ 21. Kd2 Nxf2 (21... Bxf2 22. h5 Qe6 (22... Qxh5 23. Rh1 $14) 23. Nxc7 Be3+ (23... Qe7 24. Nxe8 d5 25. Nc7 $11) 24. Kc3 Qf6+ 25. Kb3 $15) 22. Qc2 $2 (22. Rxf2 Bxf2 23. Nxc7) 22... Nxd3 23. Qxd3 Bb4+ (23... Nxg3 24. Bxg3 Bf5 (24... Qxg3 $2 25. Nf6+ Kf8 26. Nxe8 $19) 25. Ne5 dxe5 (25... Rxe5 26. Rxf5 $16) 26. Qxf5 (26. Rxf5 $2 e4 $19) 26... Qxg3 27. Rad1 $19) 24. Kc2 (24. Kc1 $142 Be6 (24... Nxg3 $2 25. Qxg6 Ne2+ 26. Kb2 $19) 25. Nxc7) 24... c6 (24... Nxg3 25. Qxg6 fxg6 26. Bxg3 $11) 25. bxc6 bxc6 ({Inferior is} 25... Nxg3 26. Qxg6 fxg6 27. Bxg3 Bf5+ 28. Kb3 bxc6 29. Nxb4 Re3+ 30. Kb2 Re2+ 31. Kc1 (31. Kc3 axb4+ 32. Kxb4 Rb8+ 33. Ka3 Re3+ 34. Ka2 Bd3 $19) 31... axb4 32. Nd4 $16 (32. Bxd6 $2 {loses.} Rc2+ 33. Kd1 Rd8 $19)) 26. Nxb4 axb4 27. Rad1 Ne3+ 28. Bxe3 Bf5 0-1

[Event "European Women Blitz-ch 2024"]
[Site "Monaco"]
[Date "2025.01.10"]
[Round "1.10"]
[White "Ushenina, Anna"]
[Black "Moerwald, Magdalena"]
[Result "1-0"]
[Annotator "TA"]
[ECO "D30"]
[WhiteElo "2418"]
[BlackElo "2004"]
[PlyCount "81"]
[EventDate "2025.01.06"]
[EventType "swiss"]
[EventCountry "MNC"]
[SourceTitle "playchess.com"]
[Source "ChessBase"]
[SourceQuality "1"]
[TimeControl "180+2"]

1. Nf3 Nf6 2. d4 d5 3. c4 e6 4. Bg5 Be7 5. e3 O-O 6. Nbd2 Nbd7 7. Rc1 c5 8. dxc5 Nxc5 9. a3 dxc4 10. Bxc4 Nd3+ 11. Bxd3 Qxd3 12. Qc2 Qb5 13. Nc4 Bd7 14. O-O Rac8 15. Nfe5 $2 (15. Rfd1 $15) 15... Bc6 $2 (15... Rxc4 $1 $19 16. Nxc4 Qxg5) 16. Qe2 Qd5 17. f3 Bb5 18. Bf4 (18. f4 $142) 18... Nh5 $17 19. Rfd1 Nxf4 20. exf4 Qc5+ 21. Kh1 f6 (21... Rfd8 $17 {...f6 would now be deadly.} 22. Re1 Qc7) 22. Nd7 $2 (22. Ng6 $1 $11 {and White is okay.} hxg6 (22... Bxc4 23. Nxe7+ Qxe7 24. Rxc4 $11) 23. Qxe6+ Kh7 24. Ne5) 22... Bxc4 $19 {[%emt 0:00:14] A strong pair of Bishops.} 23. Qe1 {[%emt 0:00:10] [#]} Qc6 $2 ({Better is} 23... Qb5 $1 $19 24. Nxf8 Rxf8 (24... Bxf8 $2 25. Rd4 $19) (24... Kxf8 $2 25. Qe3 $19)) 24. Nxf8 $16 Bxf8 (24... Rxf8 $2 25. b3 b5 26. a4 $18 (26. bxc4 bxc4 27. Rd4 Bxa3 $18)) 25. b3 Qa6 26. Rxc4 Rxc4 27. bxc4 Qxc4 $18 {[%emt 0:00:01][%mdl 4096] Endgame KQR-KQB} 28. Qe3 Bc5 29. Qd3 ({White should try} 29. Rc1 $18 Qf1+ 30. Rxf1 Bxe3 31. Rd1) 29... Qa4 $2 (29... Qxf4 $16 30. Qd7 Qc4 31. Qc8+ (31. Qxb7 Bxa3 32. Qxa7 Bc5 $16) 31... Kf7 32. Qxb7+ Kg6) 30. Qd8+ (30. f5 $18 {is the precise move to win.} Be7 31. fxe6 (31. Qd7 Qxa3 32. fxe6 g5 $18)) 30... Kf7 $2 (30... Bf8 $16 31. f5 e5 32. Qd5+ Kh8) 31. Qc7+ $2 (31. Rd7+ $18 Kg6 32. Qe8+ (32. Rxb7 Qxa3 33. Qd1 Qe3 $16) 32... Kh6 33. g4 (33. Qxe6 Qxf4 34. Qh3+ Kg6 $18)) 31... Kg6 {[%emt 0:00:02] [#]} 32. Rd7 (32. Qd7 $1 $16 Qxd7 33. Rxd7) 32... Bf8 $2 (32... Kh6 $1 $11 33. Rd3 (33. Rxg7 $2 Qd1#) (33. Qxb7 $2 Qc2 $19) 33... b6) 33. h3 (33. Qxb7 $142 {and Qe4+ would now be decisive} a5 34. g3) 33... Qxa3 34. Qc2+ Kh6 35. Rxb7 {[%emt 0:00:01] White is much more active.} a5 36. Qd2 {[%emt 0:00:04] Dodges Qe3} (36. Rb5 $142 {[%cal Ob5h5] White wants to mate with Rh5+!.} g6 37. Qb2) 36... Qa1+ $2 (36... Bb4 $16 37. Qc2 Qa1+ 38. Kh2 Qd4) 37. Kh2 Kg6 $2 (37... Bb4 38. Qf2 (38. Qd7 Bf8 $18) 38... Qe1 39. Qxe1 Bxe1) 38. Qd3+ f5 39. Qc4 $2 {[%emt 0:00:02] Repels Bc5} (39. Qd8 Qf6 40. Qe8+ (40. Qxa5 Bd6 $18) 40... Kh6 41. Rf7) 39... Qf6 40. Rb6 Be7 $2 (40... Kf7 41. Qc7+ Be7) 41. Rxe6 1-0

[Event "European Women Blitz-ch 2024"]
[Site "Monaco"]
[Date "2025.01.10"]
[Round "1.12"]
[White "Follana Albelda, Lucia"]
[Black "Osmak, Yuliia"]
[Result "0-1"]
[Annotator "TA"]
[ECO "B01"]
[WhiteElo "2024"]
[BlackElo "2463"]
[PlyCount "30"]
[EventDate "2025.01.06"]
[EventType "swiss"]
[EventCountry "MNC"]
[SourceTitle "playchess.com"]
[Source "ChessBase"]
[SourceQuality "1"]
[TimeControl "180+2"]

1. e4 Nc6 2. d4 d5 3. exd5 Qxd5 4. Nf3 Bg4 5. Be2 O-O-O 6. c4 Qh5 7. Be3 e5 ({Better is} 7... Nh6 $11) 8. d5 $14 {[%emt 0:00:06] aiming for Nbd2.} Nf6 9. Nc3 (9. Nbd2 $1 $14 Ne7 10. Ng5 (10. Bxa7 e4 $11)) 9... e4 $11 10. Ng5 (10. Nd2 $11 Ne5 11. O-O) 10... Ne5 $1 $15 {[%emt 0:00:09] Threatens to win with ...Nxc4.} 11. Qd4 {[%emt 0:00:35] [#] White does not recover from this.} (11. h3 $15 Bxe2 12. Qxe2) 11... Bxe2 $19 12. Nxe2 $2 (12. Qxe5 Bxc4 13. Qd4 Nxd5 (13... Bxd5 $2 14. Qxa7 Bc6 15. a3 $19) 14. Qxc4 Nxe3 15. fxe3 Qh4+ (15... Qxg5 $2 16. O-O $19) 16. g3 Qxg5 17. O-O) 12... Nd3+ {[%emt 0:00:02] Black is clearly winning.} 13. Kf1 Bc5 14. Qc3 Bxe3 15. fxe3 Qxg5 {[%emt 0:00:02] Weighted Error Value: White=1.07/Black=0.16 (very precise) .  Loses game:     	White=1     	---        Mistake:       	White=3     	Black=1      Inaccurate:     	White=1     	---        OK:         	---       	Black=3      Best:        	White=2     	Black=3      Strong:       	---       	Black=1} 0-1